 Dungeon Crawl Stone Soup version 0.28.0-53-g5a82cb258f (webtiles) character file.

Game seed: 2874796919065607318

221 LustLizard the Vexing (level 5, -5/41 HPs)
             Began as a Gnoll Arcane Marksman on Aug 23, 2022.
             Was an Initiate of Qazlal.
             Killed by divine providence
             ... invoked by an orc priest
              (14 damage)
             ... on level 3 of the Dungeon.
             The game lasted 00:05:04 (2366 turns).

LustLizard the Vexing (Gnoll Arcane Marksman)       Turns: 2366, Time: 00:05:04

Health: -5/41      AC:  7    Str: 11    XL:     5   Next: 98%
Magic:  9/9        EV: 10    Int: 13    God:    Qazlal [......]
Gold:   118        SH:  0    Dex: 12    Spells: 6/10 levels left

rFire   . . .      SeeInvis .   a - +0 shortbow
rCold   . . .      Faith    .   (shield currently unavailable)
rNeg    . . .      Spirit   .   p - +0 scale mail
rPois   .          Reflect  .   (no helmet)
rElec   .          Harm     .   (no cloak)
rCorr   .          Rampage  .   (no gloves)
Will    .....                   l - +0 pair of boots
Stlth   ..........              (no amulet)
HPRegen 0.13/turn               b - ring of wizardry
MPRegen 0.11/turn               (no ring)

@: no status effects
A: fangs 1, strong nose, distributed training
a: Renounce Religion


You were on level 3 of the Dungeon.
You worshipped Qazlal.
Qazlal was noncommittal.
You visited 1 branch of the dungeon, and saw 3 of its levels.

You collected 118 gold pieces.

Inventory:

Hand Weapons
 a - a +0 shortbow (weapon)
 f - a +0 short sword
Missiles
 c - 57 arrows (quivered ammo)
 i - 8 boomerangs
 n - 42 stones
 s - 5 poisoned darts
Armour
 d - a +0 robe
 l - a +0 pair of boots (worn)
 p - a +0 scale mail (worn)
Jewellery
 b - a ring of wizardry (left hand)
 m - an amulet of guardian spirit
Scrolls
 g - 3 scrolls of teleportation {unknown}
 j - a scroll of blinking {unknown}
 o - a scroll of identify {unknown}
 q - a scroll of vulnerability {unknown}
Potions
 e - 2 potions of attraction {unknown}
 h - a potion of curing {unknown}
 k - 4 potions of flight {unknown}
 r - a potion of mutation {unknown}


   Skills:
 + Level 3.1 Fighting
 + Level 1.7 Short Blades
 + Level 1.7 Long Blades
 + Level 1.7 Axes
 + Level 1.7 Maces & Flails
 + Level 1.7 Polearms
 + Level 1.7 Staves
 + Level 1.7 Slings
 + Level 4.9 Bows
 + Level 1.7 Crossbows
 + Level 1.7 Throwing
 + Level 1.7 Armour
 + Level 4.9 Dodging
 + Level 1.7 Stealth
 + Level 1.7 Shields
 + Level 1.7 Unarmed Combat
 + Level 3.3 Spellcasting
 + Level 1.3 Conjurations
 + Level 5.6 Hexes
 + Level 1.3 Summonings
 + Level 1.3 Necromancy
 + Level 1.3 Translocations
 + Level 1.3 Transmutations
 + Level 1.3 Fire Magic
 + Level 1.3 Ice Magic
 + Level 1.3 Air Magic
 + Level 1.3 Earth Magic
 + Level 1.3 Poison Magic
 + Level 1.9 Invocations
 + Level 1.7 Evocations


You had 6 spell levels left.
You knew the following spells:

 Your Spells              Type           Power      Damage    Failure   Level
a - Slow                  Hex            64%        N/A       5%          1
b - Tukima's Dance        Hex            16%        N/A       16%         3

Your spell library contained the following spells:

 Spells                   Type           Power      Damage    Failure   Level
 Inner Flame              Hex/Fire       11%        N/A       34%         3
 Portal Projectile        Hex/Tloc       22%        N/A       34%         3
 Cause Fear               Hex            8%         N/A       45%         4
 Anguish                  Hex/Necr       5%         N/A       75%         4
 Enfeeble                 Hex            8%         N/A       100%        7


Dungeon Overview and Level Annotations

Branches:
Dungeon (3/15)

Altars:
Qazlal
Trog


Innate Abilities, Weirdness & Mutations

You have very sharp teeth.
Your uncanny sense of smell can sniff out nearby items.
Your experience applies equally to all skills.


Message History

The orc priest calls upon Beogh to heal the orc.
The orc's wounds heal themselves!
You barely miss the orc. The orc hits you with a +0 hand axe.
You barely miss the orc. You bite the orc.
The orc is lightly wounded.
The orc closely misses you.
You hit the orc. Your bite misses the orc.
The orc is severely wounded.
The orc hits you with a +0 hand axe.
a - a +0 shortbow (weapon)
The orc hits you but does no damage.
Fire: 61 arrows
Press: ? - help, Q - select action, (/) - cycle Shift-Dir - straight line, f - orc
Aim: an orc, wielding a +0 hand axe (severely wounded, 60% to hit)
You shoot an arrow. The arrow hits the orc!
You kill the orc!
Qazlal accepts your kill.
Fire: 60 arrows
Press: ? - help, Q - select action, (/) - cycle Shift-Dir - straight line, f - orc
Aim: an orc, wielding a +0 club (60% to hit)
You shoot an arrow. The arrow hits the orc!
You kill the orc!
Qazlal accepts your kill.
The orc priest begins to cast a cantrip, but forgets the words!
Fire: 59 arrows
Press: ? - help, Q - select action, (/) - cycle Shift-Dir - straight line, f - orc priest
Aim: an orc priest, wielding a +0 whip (60% to hit)
You shoot an arrow. The arrow hits the orc priest.
The orc priest is moderately wounded.
The orc priest calls down the wrath of Beogh upon you.
Beogh smites you!
* * * LOW HITPOINT WARNING * * *
Fire: 58 arrows
Press: ? - help, Q - select action, (/) - cycle Shift-Dir - straight line, f/p - orc priest
Aim: an orc priest, wielding a +0 whip (moderately wounded, 60% to hit)
You shoot an arrow. The arrow hits the orc priest!
The orc priest is almost dead.
The orc priest calls down the wrath of Beogh upon you.
Beogh smites you!
You die...

'###..............#
...........o.######
..........o..#
.............#
##'#.........#
##..###'####### #
#...#...oo....#####.#
#.....#.#####.##....#
#...........#.##@#
#.....#.###.#.##)#
####...)....#..o.#
#.##.##########
#..#)# #..#.# #<.#)#
#####'#รท##
.........######


You could see an orc priest.

Vanquished Creatures
  Sigmund (D:2)
  Robin (D:3)
  2 adders
  2 orcs (D:3)
  3 ball pythons
  3 bats
  4 endoplasms
  A giant cockroach (D:3)
  6 hobgoblins
  2 quokkas
  A frilled lizard (D:2)
  12 goblins
  2 kobolds
  4 rats (D:1)
44 creatures vanquished.

Notes
Turn   | Place    | Note
-------+----------+-------------------------------------------
     0 | D:1      | LustLizard the Gnoll Arcane Marksman began the quest for
                  | the Orb.
     0 | D:1      | Reached XP level 1. HP: 17/17 MP: 4/4
    71 | D:1      | Found a faded altar of an unknown god.
   431 | D:1      | Reached XP level 2. HP: 23/23 MP: 5/5
  1125 | D:2      | Reached XP level 3. HP: 28/28 MP: 7/7
  1385 | D:2      | Noticed Sigmund
  1396 | D:1      | Learned a level 3 spell: Tukima's Dance
  1475 | D:2      | Killed Sigmund
  1476 | D:2      | Reached skill level 1 in Short Blades
  1476 | D:2      | Reached skill level 1 in Long Blades
  1476 | D:2      | Reached skill level 1 in Axes
  1476 | D:2      | Reached skill level 1 in Maces & Flails
  1476 | D:2      | Reached skill level 1 in Polearms
  1476 | D:2      | Reached skill level 1 in Staves
  1476 | D:2      | Reached skill level 1 in Slings
  1476 | D:2      | Reached skill level 1 in Crossbows
  1476 | D:2      | Reached skill level 1 in Throwing
  1476 | D:2      | Reached skill level 1 in Armour
  1476 | D:2      | Reached skill level 1 in Stealth
  1476 | D:2      | Reached skill level 1 in Shields
  1476 | D:2      | Reached skill level 1 in Unarmed Combat
  1476 | D:2      | Reached skill level 1 in Conjurations
  1476 | D:2      | Reached skill level 1 in Summonings
  1476 | D:2      | Reached skill level 1 in Necromancy
  1476 | D:2      | Reached skill level 1 in Translocations
  1476 | D:2      | Reached skill level 1 in Transmutations
  1476 | D:2      | Reached skill level 1 in Fire Magic
  1476 | D:2      | Reached skill level 1 in Ice Magic
  1476 | D:2      | Reached skill level 1 in Air Magic
  1476 | D:2      | Reached skill level 1 in Earth Magic
  1476 | D:2      | Reached skill level 1 in Poison Magic
  1476 | D:2      | Reached skill level 1 in Invocations
  1476 | D:2      | Reached skill level 1 in Evocations
  1476 | D:2      | Reached XP level 4. HP: 14/35 MP: 8/8
  1476 | D:2      | Reached XP level 5. HP: 16/41 MP: 9/9
  1909 | D:3      | Found a bloodstained altar of Trog.
  1949 | D:3      | Found a stormy altar of Qazlal.
  1987 | D:3      | Became a worshipper of Qazlal Stormbringer
  2033 | D:3      | Noticed Robin
  2068 | D:3      | Killed Robin
  2366 | D:3      | Killed from afar by an orc priest

Illustrated notes

Levels and vault maps discovered:
D:1:      dpeg_arrival_rhombus, layout_loops_cross, basic_ecumenical_altar,
          supply_closet_lemuel, minmay_heptomino_w4
D:2:      layout_basic, uniq_sigmund
D:3:      minmay_spotlight, layout_basic, nicolae_overflow_ecumenical_swirl,
          mainiacjoe_overflow_catwalk, nicolae_overflow_crystal_walls,
          uniq_robin

Skill      XL: |  1  2  3 |
---------------+----------+-----
Fighting       | 3 |  3.1
Short Blades   | 1 |  1.7
Long Blades    | 1 |  1.7
Axes           | 1 |  1.7
Maces & Flails | 1 |  1.7
Polearms       | 1 |  1.7
Staves         | 1 |  1.7
Slings         | 1 |  1.7
Crossbows      | 1 |  1.7
Throwing       | 1 |  1.7
Armour         | 1 |  1.7
Stealth        | 1 |  1.7
Shields        | 1 |  1.7
Unarmed Combat | 1 |  1.7
Spellcasting   | 3 |  3.3
Conjurations   | 1 |  1.3
Summonings     | 1 |  1.3
Necromancy     | 1 |  1.3
Translocations | 1 |  1.3
Transmutations | 1 |  1.3
Fire Magic     | 1 |  1.3
Ice Magic      | 1 |  1.3
Air Magic      | 1 |  1.3
Earth Magic    | 1 |  1.3
Poison Magic   | 1 |  1.3
Invocations    | 1 |  1.9
Evocations     | 1 |  1.7
Bows           | |  4.9
Dodging        | |  4.9
Hexes          | |  5.6

Action                   |  1- 3 |  4- 6 || total
-------------------------+-------+-------++-------
Melee: Short sword       |    59 |    15 ||    74
       Bite              |     4 |     3 ||     7
 Fire: Shortbow          |    22 |    43 ||    65
 Stab: Sleeping          |     2 |       ||     2
Armor: Robe              |    14 |       ||    14
       Scale mail        |       |    29 ||    29
Dodge: Dodged            |    59 |    23 ||    82
